 Dungeon Crawl Stone Soup version 0.19.1-1-g22dce08 (webtiles) character file.

184347 M4edhros the Severer (level 17, 0/152 HPs)
             Began as a Minotaur Berserker on Jan 6, 2017.
             Was the Champion of Trog.
             Slain by a golden dragon (7 damage)
             ... on level 4 of the Depths.
             The game lasted 00:38:53 (20447 turns).

M4edhros the Severer (Minotaur Berserker)          Turns: 20447, Time: 00:38:53

Health: 0/152      AC: 15    Str: 23    XL:     17   Next: 77%
Magic:  23/23      EV: 19    Int: 11    God:    Trog [******]
Gold:   2802       SH: 26    Dex: 16    Spells: 0 memorised, 16 levels left

rFire  + + .     SeeInvis +     t - +9 war axe "Vuf Ofe" {chop, *Noise rPois Int+7 SInv}
rCold  + + .     Gourm    .     n - +2 ring mail {rC+}
rNeg   . . .     Faith    .     D - +4 large shield
rPois  +         Spirit   .     (helmet unavailable)
rElec  +         Reflect  .     I - +0 cloak {+Inv}
rCorr  .         Harm     .     u - +0 pair of gloves
MR     ++...     Rnd*Rage +     (no boots)
Stlth  +.........               C - amulet of regeneration
                                z - ring of protection from cold
                                w - ring of protection from fire

@: exhausted, slowed, drained, very slow
A: retaliatory headbutt, claws 1, horns 3, talons 1, iridescent scales 1,
berserk 1, fire resistance 1, magic resistance 1, mutation resistance 1, sense
surroundings 1, poison resistance, electricity resistance, slow regeneration 1,
MP-powered wands
a: Berserk, Trog's Hand, Brothers in Arms, Burn Spellbooks, Renounce Religion,
Evoke Invisibility


You were on level 4 of the Depths.
You worshipped Trog.
Trog was exalted by your worship.
You were hungry.

You visited 4 branches of the dungeon, and saw 27 of its levels.
You also visited: Ossuary, Bailey and Ice Cave.

You collected 3411 gold pieces.
You spent 609 gold pieces at shops.

Inventory:

Hand Weapons
 t - the +9 war axe "Vuf Ofe" (weapon) {chop, *Noise rPois Int+7 SInv}
   (You found it on level 1 of the Orcish Mines)

   It inflicts extra damage upon your enemies.
   It affects your intelligence (+7).
   It protects you from poison.
   It lets you see invisible.
   It may make noises in combat.
 E - a +8 antimagic war axe
Missiles
 A - 5 steel javelins
 J - 49 tomahawks of returning (quivered)
Armour
 n - a +2 ring mail of cold resistance (worn)
 u - a +0 pair of gloves (worn)
 x - the +0 ring mail of You Go First {rF+}
   (You found it on level 5 of the Dungeon)

   It protects you from fire.
 D - a +4 large shield (worn)
 I - a +0 cloak of invisibility (worn)
 K - a +1 cloak
 W - a +0 troll leather armour
Jewellery
 w - a ring of protection from fire (left hand)
 z - a ring of protection from cold (right hand)
 C - an amulet of regeneration (around neck)
 L - an uncursed ring of resist corrosion
 O - an uncursed ring of ice
Wands
 g - a wand of lightning (0/15)
 V - a wand of iceblast (8/15)
 Z - a wand of confusion (24/48)
Scrolls
 d - 4 scrolls of teleportation
 e - 3 scrolls of fear
 h - 7 scrolls of recharging
 q - a scroll of blinking
 y - 3 scrolls of enchant weapon
 B - 5 scrolls of immolation
 Q - 4 scrolls of remove curse
 R - a scroll of identify
 S - a scroll of magic mapping
Potions
 f - a potion of might
 i - 6 potions of curing
 j - a potion of invisibility {unknown}
 m - a potion of flight
 p - 2 potions of magic
 s - 2 potions of resistance
 v - 7 potions of brilliance
 F - 4 potions of lignification
 H - 3 potions of haste
 M - 5 potions of agility
 Y - 4 potions of cancellation
Miscellaneous
 a - a phial of floods
 G - a sack of spiders
 N - a fan of gales
 U - a box of beasts
Comestibles
 b - 3 beef jerkies
 c - 8 bread rations
 k - 17 fruits
 P - 4 slices of pizza


   Skills:
 + Level 14.2(14.1) Fighting
 * Level 19.1(18.9) Axes
 + Level 14.2(14.0) Armour
 + Level 13.2(13.1) Dodging
 * Level 18.6(18.4) Shields
 * Level 9.4(9.3) Evocations


You had 16 spell levels left.
You didn't know any spells.

Dungeon Overview and Level Annotations

Branches:
Dungeon (15/15)            Temple (0/1) D:5            Lair (6/6) D:8
 Spider (0/4) Lair:4        Slime (0/5) Lair:5          Orc (2/2) D:10
    Elf (0/3) Orc:2        Vaults (0/5) D:13         Depths (4/5) D:15
  Swamp: Lair:2-4    Shoals: Lair:2-4

Altars:
Cheibriados
Gozag
Okawaru
Xom
Yredelemnul
Jiyva

Shops:
D:10 ?!!   Orc:1 [   Orc:2 *[(=   Depths:1 ?

Portals:
Hell: Depths:1 Depths:2 Depths:3 Depths:4
Pandemonium: Depths:3
Ziggurat: Depths:2

Annotations:
Depths:1 2 runed doors


Innate Abilities, Weirdness & Mutations

You reflexively headbutt those who attack you in melee.
You have a pair of large horns on your head.
You have sharp fingernails.
You have sharp toenails.
You are partially covered in iridescent scales. (AC +2)
You tend to lose your temper in combat.
Your flesh is heat resistant. (rF+)
You are resistant to hostile enchantments. (MR+)
You are somewhat resistant to further mutation.
You passively map a small area around you.
Your system is resistant to poisons. (rPois)
You are resistant to electric shocks. (rElec)
You regenerate slowly when monsters are visible.
You expend magic power (3 MP) to strengthen your wands.


Message History

You are no longer berserk.
You are exhausted.
You feel yourself slow down.
You feel sick.
You feel sick.
A golden dragon comes into view.
The golden dragon roars deafeningly!
You feel sick.
You see here a scroll of vulnerability.
You feel better.
Okay, then.
Okay, then.
Okay, then.
Evoke which item? (* to show all) (? for menu, Esc to quit)
You open the lid... ...and a mature batweird beast flies out!
You block the golden dragon's attack. The golden dragon claws you!
* * * LOW HITPOINT WARNING * * *
The golden dragon tramples you!
You die...

. ##....###..♣ ≈
#.#....T.#..♣* *
.............♣ ,
.#..#.≈......♣# **,*
##.#.≈≈≈§....♣♣♣.. ,
,, .....≈§≈.≈.......
, §§.#.§§≈...(..####
, §..#......#..## ,,
§§ #...D@.####### ,,,
*##...H.......#######
, ,, *
##.................#
, ,
#.....#####.######.#
,,
##...##...#.#...##.#
, , ,
**###.#...........#.#
≈≈ *
#.#..##...##..#.# ,
#.#..##...##..#.## ,
* #.##.........##..#


You could see a golden dragon, an iron troll and a friendly mature batweird
beast.

Vanquished Creatures
  2 liches (Depths:4)
  2 tentacled monstrosities
  A sphinx (Depths:2)
  2 frost giants (Depths:1)
  A fire giant (Depths:2)
  2 orc warlords
  A reaper (Depths:3)
  3 spriggan defenders
  5 stone giants
  6 very ugly things (Depths:3)
  4 spark wasps
  2 dire elephants
  An ettin (Depths:3)
  Josephine (D:10)
  A fire dragon (Depths:4)
  4 yaktaur captains
  4 rakshasas
  5 great orbs of eyes
  4 ice dragons
  A monstrous demonspawn (Depths:3)
  4 vault guards (D:13)
  7 hydras
  Fannar (D:10)
  2 spriggan air magi (Depths:2)
  A merfolk avatar (Lair:6)
  7 centaur warriors
  2 deep troll earth magi (Depths:1)
  3 dancing weapons (Depths:2)
  3 tengu warriors
  8 ogre magi
  A deep troll shaman (Depths:4)
  Urug (D:13)
  5 spriggan berserkers
  3 hell knights (Depths:2)
  4 orc high priests (Orc:2)
  A soul eater (Depths:2)
  3 shadow wraiths (Depths:2)
  A salamander mystic (Depths:3)
  6 skeletal warriors
  A fire crab (Lair:5)
  6 flayed ghosts
  An unseen horror (shapeshifter) (Depths:3)
  A sea snake (Lair:6)
  2 spectral hydras (Depths:2)
  3 unseen horrors
  A deep troll (Depths:1)
  2 harpies (Lair:6)
  A wizard (Depths:3)
  A glowing orange brain (Depths:2)
  2 orange crystal statues (Depths:2)
  6 hill giants
  2 necromancers (Depths:2)
  A lindwurm (shapeshifter) (Depths:4)
  A phantasmal warrior (Depths:2)
  5 orc sorcerers
  4 mana vipers (Depths:2)
  11 ugly things
  2 wolf spiders
  4 orc knights
  10 cyclopes
  4 manticores
  10 elephants
  3 deep elf magi
  3 salamanders
  2 ice statues (IceCv)
  A naga mage (D:15)
  A rust devil (Depths:3)
  2 black mambas (Lair:6)
  7 spiny frogs
  6 komodo dragons
  6 rime drakes
  26 yaktaurs
  A hellwing (Depths:3)
  A kobold demonologist (D:15)
  3 efreet
  A tengu conjurer (Depths:2)
  A red devil (Depths:3)
  4 ice devils (IceCv)
  A merfolk (D:15)
  3 spectral merfolk (Depths:2)
  3 meliai (D:14)
  2 polar bears (Lair:6)
  4 trolls (Orc:2)
  22 two-headed ogres
  5 blink frogs (Lair:4)
  3 raiju (Depths:2)
  10 hornets
  3 slime creatures (D:12)
  4 dream sheep (Lair:6)
  7 hippogriffs
  A spriggan (shapeshifter) (D:13)
  A redback (shapeshifter) (Depths:2)
  2 air elementals (Depths:3)
  6 spriggans
  3 shadows
  13 wraiths
  26 yaks
  4 wyverns
  2 vampires (Depths:2)
  A basilisk (Lair:3)
  3 water elementals (Depths:2)
  Eustachio (D:6)
  A human (shapeshifter) (Depths:3)
  A vampire mosquito (D:13)
  3 mottled dragons
  A warg (shapeshifter) (Depths:2)
  11 wargs
  6 water moccasins
  A hydra simulacrum (Depths:2)
  6 hell hounds (Depths:2)
  A floating eye (shapeshifter) (Depths:1)
  A floating eye (Depths:2)
  5 porcupines
  2 spectral spriggans (Depths:2)
  2 black bears
  6 sky beasts
  39 orc warriors
  10 ice beasts
  A phantom (D:11)
  A necrophage (D:13)
  43 ogres
  10 crocodiles
  10 centaurs
  8 wolves
  4 big kobolds
  17 bullfrogs
  A wyvern zombie (D:13)
  A water moccasin zombie (Ossuary)
  4 scorpions
  10 wights
  2 spectral ogres (Depths:2)
  3 spectral centaurs (Depths:2)
  A howler monkey (D:6)
  6 crimson imps
  A lava snake (D:8)
  A centaur zombie (D:10)
  3 jellies
  2 bullfrog skeletons
  4 bullfrog zombies
  5 hounds
  4 centaur skeletons
  13 orc priests
  Terence (D:3)
  4 iguanas
  22 orc wizards
  11 worker ants
  A troll simulacrum (Depths:2)
  4 big kobold zombies (Ossuary)
  A hound zombie (D:8)
  2 mummies (Ossuary)
  2 gnolls (Bailey)
  8 adders
  A shadow imp (D:12)
  7 white imps (IceCv)
  7 ufetubi (IceCv)
  9 adder zombies (Ossuary)
  An adder skeleton (D:7)
  3 worms
  2 dart slugs
  3 leopard geckos
  78 orcs
  2 giant cockroaches (D:3)
  2 gnoll zombies (Ossuary)
  9 goblins
  3 hobgoblins
  2 jackals (D:11)
  3 quokkas
  3 bats
  2 frilled lizards (D:1)
  5 hobgoblin zombies (Ossuary)
  27 kobolds
  A kobold zombie (Ossuary)
  A leopard gecko skeleton (D:8)
  6 orc zombies (Ossuary)
  A quokka skeleton (D:9)
  3 rats
  6 fungi
  4 plants
892 creatures vanquished.

Vanquished Creatures (collateral kills)
  A Tzitzimitl (Depths:2)
  A deep troll earth mage (Depths:1)
  4 skeletal warriors (D:11)
  A deep troll (Depths:1)
  An ogre (Depths:1)
  A crocodile (Lair:6)
  A hobgoblin (Bailey)
10 creatures vanquished.

Vanquished Creatures (others)
  A reaper (IceCv)
  4 white imps (IceCv)
  3 ufetubi (IceCv)
  3 fungi
  10 plants
21 creatures vanquished.

Grand Total: 923 creatures vanquished

Notes
Turn   | Place    | Note
-------+----------+-------------------------------------------
     0 | D:1      | M4edhros the Minotaur Berserker began the quest for the Orb.
     0 | D:1      | Reached XP level 1. HP: 19/19 MP: 0/0
    98 | D:1      | Reached XP level 2. HP: 27/27 MP: 1/1
   450 | D:2      | Found a faded altar of an unknown god.
   497 | D:2      | Reached skill level 4 in Axes
   568 | D:2      | Reached XP level 3. HP: 33/33 MP: 2/2
   576 | D:3      | Noticed Terence
   581 | D:3      | Killed Terence
   586 | D:3      | Reached ** piety under Trog
   586 | D:3      | Reached XP level 4. HP: 40/40 MP: 3/3
   780 | D:4      | Reached skill level 5 in Axes
   780 | D:4      | Reached skill level 1 in Shields
   780 | D:4      | Reached XP level 5. HP: 22/47 MP: 4/4
   933 | D:5      | Entered Level 5 of the Dungeon
   933 | D:5      | Noticed an ice beast
   941 | D:5      | Killed an ice beast
   968 | D:5      | Reached XP level 6. HP: 31/55 MP: 5/5
  1011 | D:5      | Reached skill level 5 in Fighting
  1070 | D:5      | Found a sand-covered staircase.
  1075 | Ossuary  | Entered an ossuary
  1416 | Ossuary  | Reached skill level 6 in Axes
  1416 | Ossuary  | Reached XP level 7. HP: 52/61 MP: 6/6
  1472 | Ossuary  | Reached *** piety under Trog
  1550 | D:5      | Found a staircase to the Ecumenical Temple.
  1562 | D:5      | Found a basalt altar of Yredelemnul.
  1562 | D:5      | Found an opulent altar of Gozag.
  1564 | D:5      | Got an encrusted ring mail
  1575 | D:5      | Identified the cursed +0 ring mail of You Go First {rF+} (You found it on level 5 of the Dungeon)
  1589 | D:5      | Found a shimmering altar of Xom.
  1616 | D:6      | Noticed Eustachio
  1622 | D:6      | Killed Eustachio
  1832 | D:6      | Reached skill level 7 in Axes
  1839 | D:6      | Gained mutation: You are resistant to electric shocks. (rElec) [mutagenic meat]
  1840 | D:6      | Gained mutation: Your system is resistant to poisons. (rPois) [mutagenic meat]
  1849 | D:6      | Reached skill level 5 in Shields
  1849 | D:6      | Reached XP level 8. HP: 35/69 MP: 7/7
  1856 | D:6      | Gained mutation: You are robust. (+10% HP) [mutagenic meat]
  1858 | D:6      | Lost mutation: You are robust. (+10% HP) [mutagenic meat]
  2011 | D:6      | Found an iron altar of Okawaru.
  2460 | D:8      | Noticed a hippogriff
  2473 | D:8      | Killed a hippogriff
  2473 | D:8      | Reached skill level 5 in Armour
  2473 | D:8      | Reached skill level 5 in Dodging
  2498 | D:8      | Found a staircase to the Lair.
  2548 | D:8      | Reached skill level 8 in Axes
  2563 | D:8      | Gained mutation: Your spells are a little easier to cast, but a little less powerful. [mutagenic meat]
  2832 | D:8      | Found a snail-covered altar of Cheibriados.
  3386 | D:9      | Found a flagged portal.
  3524 | Bailey   | Entered a bailey
  3529 | Bailey   | Noticed an orc warlord
  3561 | Bailey   | Reached **** piety under Trog
  3687 | Bailey   | Found a runed gate.
  3690 | Bailey   | Found a runed gate.
  3692 | Bailey   | Found a runed gate.
  3699 | Bailey   | Noticed an orc knight
  3712 | Bailey   | Killed an orc knight
  3712 | Bailey   | Reached XP level 9. HP: 78/78 MP: 8/8
  3849 | Bailey   | Killed an orc warlord
  3849 | Bailey   | Reached skill level 9 in Axes
  3908 | D:9      | Gained mutation: Your flesh is heat resistant. (rF+) [potion of beneficial mutation]
  3909 | D:9      | Gained mutation: You have a pair of large horns on your head. [potion of beneficial mutation]
  4197 | D:10     | Entered Level 10 of the Dungeon
  4220 | D:10     | Found Odghux's Distillery.
  4239 | D:10     | Found Syfydav's Distillery.
  4251 | D:10     | Bought a potion of mutation for 27 gold pieces
  4251 | D:10     | Gained mutation: You occasionally shout uncontrollably at your foes. [potion of mutation]
  4299 | D:10     | Reached skill level 10 in Axes
  4299 | D:10     | Received a gift from Trog
  4313 | D:10     | Gained mutation: You have sharp fingernails. [mutagenic meat]
  4315 | D:10     | Gained mutation: You are resistant to hostile enchantments. (MR+) [mutagenic meat]
  4316 | D:10     | Gained mutation: You are robust. (+10% HP) [mutagenic meat]
  4338 | D:10     | Noticed a hill giant
  4345 | D:10     | Killed a hill giant
  4345 | D:10     | Reached XP level 10. HP: 37/94 MP: 9/9
  4455 | D:10     | Killed an unseen horror
  4786 | D:10     | Noticed a hill giant
  4792 | D:10     | Killed a hill giant
  4818 | D:10     | Bought a potion of mutation for 27 gold pieces
  4818 | D:10     | Gained mutation: Your mind is acute. (Int +2) [potion of mutation]
  4818 | D:10     | Lost mutation: Your mind is acute. (Int +2) [potion of mutation]
  4832 | D:10     | Found Qeuseum's Magic Scroll Shop.
  4841 | D:10     | Gained mutation: You expend magic power (3 MP) to strengthen your wands. [mutagenic meat]
  4842 | D:10     | Gained mutation: You have sharp toenails. [mutagenic meat]
  4844 | D:10     | Lost mutation: You expend magic power (3 MP) to strengthen your wands. [mutagenic meat]
  4845 | D:10     | Lost mutation: Your spells are a little easier to cast, but a little less powerful. [mutagenic meat]
  4954 | D:10     | Found a staircase to the Orcish Mines.
  5084 | D:10     | Noticed a hill giant
  5091 | D:10     | Killed a hill giant
  5091 | D:10     | Reached skill level 11 in Axes
  5091 | D:10     | Reached skill level 10 in Shields
  5203 | D:10     | Noticed Fannar
  5203 | D:10     | Noticed Josephine
  5211 | D:10     | Killed Josephine
  5218 | D:10     | Reached XP level 11. HP: 89/104 MP: 10/10
  5228 | D:10     | Killed Fannar
  5545 | D:11     | Noticed a brown ugly thing
  5549 | D:11     | Reached ***** piety under Trog
  5562 | D:11     | Killed a brown ugly thing
  5567 | D:11     | Lost mutation: You occasionally shout uncontrollably at your foes. [mutagenic meat]
  5621 | D:11     | Noticed a deep elf mage
  5626 | D:11     | Killed a deep elf mage
  5636 | D:11     | Reached skill level 12 in Axes
  6064 | D:11     | Noticed a skeletal warrior
  6065 | D:11     | Noticed a green ugly thing
  6065 | D:11     | Noticed a skeletal warrior
  6066 | D:11     | Noticed a skeletal warrior
  6066 | D:11     | Noticed a skeletal warrior
  6067 | D:11     | Noticed a skeletal warrior
  6080 | D:11     | Killed a green ugly thing
  6424 | D:11     | Killed a skeletal warrior
  6428 | D:11     | Killed a skeletal warrior
  6430 | D:11     | Killed a skeletal warrior
  6448 | D:11     | Killed a skeletal warrior
  6560 | D:11     | Killed a skeletal warrior
  7009 | D:12     | Noticed a four-headed hydra
  7010 | D:12     | Received a gift from Trog
  7090 | D:12     | Noticed a hill giant
  7095 | D:12     | Killed a six-headed hydra
  7095 | D:12     | Reached XP level 12. HP: 116/116 MP: 11/11
  7098 | D:12     | Reached skill level 13 in Axes
  7345 | D:12     | Got a polished short sword
  7348 | D:12     | Identified the cursed +1 short sword of Inference {pierce, rPois} (You found it on level 12 of the Dungeon)
  7532 | D:12     | Gained mutation: Your muscles are strong. (Str +2) [potion of mutation]
  7577 | D:10     | Bought a potion of beneficial mutation for 385 gold pieces
  7577 | D:10     | Gained mutation: You are highly resistant to hostile enchantments. (MR++) [potion of beneficial mutation]
  7594 | D:12     | Reached skill level 10 in Fighting
  7870 | D:13     | Noticed a centaur warrior
  7877 | D:13     | Killed a centaur warrior
  7998 | D:13     | Noticed a centaur warrior
  8013 | D:13     | Killed a centaur warrior
  8202 | D:13     | Reached skill level 10 in Armour
  8244 | D:13     | Received a gift from Trog
  8269 | D:13     | Found a gate to the Vaults.
  8269 | D:13     | Noticed a six-headed hydra
  8269 | D:13     | Noticed a centaur warrior
  8269 | D:13     | Noticed a vault guard
  8269 | D:13     | Noticed a vault guard
  8269 | D:13     | Noticed a vault guard
  8269 | D:13     | Noticed a vault guard
  8398 | Lair:1   | Entered Level 1 of the Lair of Beasts
  9121 | Lair:1   | Reached skill level 14 in Axes
  9560 | Lair:3   | Noticed a seven-headed hydra
  9569 | Lair:3   | Killed an eight-headed hydra
  9579 | Lair:3   | Reached XP level 13. HP: 94/125 MP: 12/12
  9813 | Lair:3   | Got a twitching steel amulet
  9862 | Lair:3   | Identified the amulet "Funaddiq" {Harm *Drain Stlth+} (You found it on level 3 of the Lair of Beasts)
 10117 | Lair:4   | Found a hole to the Spider Nest.
 10348 | Lair:4   | Found a frozen archway.
 10391 | IceCv    | Entered an ice cave
 10502 | IceCv    | Noticed a reaper
 10512 | IceCv    | Killed a reaper
 10592 | IceCv    | Received a gift from Trog
 10592 | IceCv    | Reached skill level 10 in Dodging
 10991 | Lair:5   | Reached skill level 15 in Axes
 11071 | Lair:5   | Found a staircase to the Slime Pits.
 11072 | Lair:5   | Found a viscous altar of Jiyva.
 11281 | Lair:6   | Entered Level 6 of the Lair of Beasts
 11570 | Lair:6   | Noticed a dire elephant
 11672 | Lair:6   | Killed a dire elephant
 11802 | Lair:6   | Reached XP level 14. HP: 128/136 MP: 13/13
 11808 | Lair:6   | Reached skill level 15 in Shields
 11995 | Lair:6   | Received a gift from Trog
 12098 | Lair:6   | Got a citrine-encrusted leather armour
 12109 | Lair:6   | Identified the +3 leather armour "Punexaez" {Stlth+} (You found it on level 6 of the Lair of Beasts)
 12470 | Orc:1    | Entered Level 1 of the Orcish Mines
 12631 | Orc:1    | Found Gygrit's Armour Shoppe.
 12763 | Orc:2    | Entered Level 2 of the Orcish Mines
 12796 | Orc:2    | Found Duogy's Antique Armour Emporium.
 12942 | Orc:2    | Reached skill level 16 in Axes
 12988 | Orc:2    | Found Voampump's General Store.
 12996 | Orc:2    | Bought a +0 cloak of invisibility for 126 gold pieces
 13013 | Orc:2    | Bought a potion of might for 44 gold pieces
 13174 | Orc:2    | Found a staircase to the Elven Halls.
 13185 | Orc:2    | Noticed an orc warlord
 13197 | Orc:2    | Reached ****** piety under Trog
 13208 | Orc:2    | Reached skill level 1 in Evocations
 13209 | Orc:2    | Killed an orc warlord
 13237 | Orc:2    | Found Latigh's Jewellery Shoppe.
 13262 | Orc:2    | Found Migudgh's Antique Weapon Boutique.
 13342 | Orc:2    | Received a gift from Trog
 13812 | Orc:1    | Got a dazzling war axe
 13815 | Orc:1    | Identified the +9 war axe "Vuf Ofe" {chop, *Noise rPois Int+7 SInv} (You found it on level 1 of the Orcish Mines)
 14162 | D:13     | Noticed Urug
 14184 | D:13     | Killed Urug
 14411 | D:13     | Reached XP level 15. HP: 147/147 MP: 16/16
 14424 | D:13     | Gained mutation: You passively map a small area around you. [mutagenic meat]
 14425 | D:13     | Lost mutation: Your muscles are strong. (Str +2) [mutagenic meat]
 14426 | D:13     | Gained mutation: You expend magic power (3 MP) to strengthen your wands. [mutagenic meat]
 14785 | D:14     | Received a gift from Trog
 15232 | D:15     | Entered Level 15 of the Dungeon
 15243 | D:15     | Gained mutation: You are somewhat resistant to further mutation. [mutagenic meat]
 15363 | D:15     | Received a gift from Trog
 15409 | D:15     | Reached skill level 5 in Evocations
 15571 | D:15     | Reached skill level 17 in Axes
 15784 | D:15     | Found a staircase to the Depths.
 16095 | Depths:1 | Entered Level 1 of the Depths
 16239 | Depths:1 | Received a gift from Trog
 16306 | Depths:1 | Noticed a frost giant
 16313 | Depths:1 | Killed a frost giant
 16487 | Depths:1 | Noticed a frost giant
 16496 | Depths:1 | Killed a frost giant
 16541 | Depths:1 | Found Medyumuj's Magic Scroll Shop.
 16567 | Depths:1 | Found a gateway to Hell.
 16686 | Depths:1 | Found a runed door.
 16687 | Depths:1 | Found a runed door.
 16710 | Depths:1 | Found a runed warning-scrawled door.
 16962 | Depths:2 | Reached XP level 16. HP: 154/157 MP: 19/19
 17209 | Depths:2 | Noticed a sphinx
 17226 | Depths:2 | Killed a sphinx
 17229 | Depths:2 | Found a gateway to a ziggurat.
 17232 | Depths:2 | Received a gift from Trog
 17407 | Depths:2 | Reached skill level 18 in Axes
 17441 | Depths:2 | HP: 8/237 [mana viper (14)]
 17448 | Depths:2 | HP: 1/158 [spriggan air mage/the air (9)]
 17550 | Depths:2 | Lost mutation: You are highly resistant to hostile enchantments. (MR++) [mutagenic meat]
 17871 | Depths:2 | Noticed a Tzitzimitl
 17884 | Depths:2 | Killed a Tzitzimitl
 17884 | Depths:2 | Received a gift from Trog
 18155 | Depths:2 | Paralysed by a floating eye for 3 turns
 18770 | Depths:3 | Noticed a tentacled monstrosity
 18789 | Depths:2 | Killed a tentacled monstrosity
 18854 | Depths:2 | Reached XP level 17. HP: 13/166 MP: 22/22
 19369 | Depths:3 | Lost mutation: You are robust. (+10% HP) [mutagenic meat]
 19373 | Depths:3 | Gained mutation: You regenerate slowly when monsters are visible. [mutagenic meat]
 19374 | Depths:3 | Gained mutation: You tend to lose your temper in combat. [mutagenic meat]
 19378 | Depths:3 | Gained mutation: You are partially covered in iridescent scales. (AC +2) [mutagenic meat]
 19538 | Depths:3 | Received a gift from Trog
 19792 | Depths:3 | Found a one-way gate leading to the halls of Pandemonium.
 20181 | Depths:4 | Noticed a tentacled monstrosity
 20196 | Depths:4 | Killed a tentacled monstrosity
 20196 | Depths:4 | Reached skill level 19 in Axes
 20303 | Depths:4 | Noticed a lich
 20332 | Depths:4 | Paralysed by a lich for 3 turns
 20344 | Depths:4 | Killed a lich
 20416 | Depths:4 | Noticed a lich
 20429 | Depths:4 | Killed a lich
 20444 | Depths:4 | Noticed a golden dragon
 20447 | Depths:4 | HP: 7/152 [golden dragon (16)]
 20447 | Depths:4 | Slain by a golden dragon

Skill      XL: |  1  2  3  4  5  6  7  8  9 10 11 12 13 14 15 16 17 |
---------------+----------------------------------------------------+-----
Fighting       | 4 5 6 7 8 9 10 11 12 13 14 | 14.2
Axes           | 4 5 6 7 8 10 11 12 14 15 16 17 18 19 | 19.1
Armour         | 3 4 5 6 8 9 10 11 12 13 14 | 14.2
Dodging        | 3 4 5 6 7 8 9 10 11 12 13 | 13.2
Shields        | 1 2 3 5 7 9 10 12 13 14 16 17 18 | 18.6
Evocations     | 3 6 8 9 |  9.4

Action                   |  1- 3 |  4- 6 |  7- 9 | 10-12 | 13-15 | 16-18 || total
-------------------------+-------+-------+-------+-------+-------+-------++-------
Melee: Hand axe          |    37 |   137 |   221 |       |       |       ||   395
       Headbutt          |     6 |    29 |    53 |   112 |   251 |   155 ||   606
       War axe           |       |       |    53 |   312 |   410 |   592 ||  1367
       Kick              |       |       |       |   158 |   353 |   218 ||   729
       Broad axe         |       |       |       |   201 |   553 |       ||   754
Invok: Berserk           |     1 |     2 |     7 |     9 |    10 |    14 ||    43
       Brothers in Arms  |       |       |     1 |     2 |     1 |       ||     4
       Burn Spellbooks   |       |       |       |       |     2 |       ||     2
       Trog's Hand       |       |       |       |       |     2 |       ||     2
Evoke: Wand              |       |       |       |     8 |     8 |       ||    16
       Phial of floods   |       |       |       |       |     1 |     1 ||     2
       Box of beasts     |       |       |       |       |       |     1 ||     1
  Use: Potion            |       |     1 |     3 |     9 |     4 |    12 ||    29
       Scroll            |       |       |    17 |     6 |    18 |     2 ||    43
 Stab: Sleeping          |     1 |       |       |       |       |       ||     1
  Eat: Chunk             |       |     4 |    20 |    21 |    36 |    33 ||   114
       Meat ration       |       |       |     2 |     2 |     1 |       ||     5
       Pizza             |       |       |       |       |     1 |     2 ||     3
       Fruit             |       |       |       |       |     1 |     2 ||     3
       Beef jerky        |       |       |       |       |       |     1 ||     1
       Royal jelly       |       |       |       |       |       |     1 ||     1
Armor: Animal skin       |     5 |       |       |       |       |       ||     5
       Plate armour      |    18 |     2 |       |       |       |       ||    20
       Scale mail        |     1 |       |       |       |       |       ||     1
       Ring mail         |       |    42 |    73 |    59 |   128 |    75 ||   377
Dodge: Dodged            |    24 |    42 |    87 |    95 |   293 |   207 ||   748
Block: Shield            |       |    56 |    76 |       |       |       ||   132
       Large shield      |       |       |   142 |   547 |  1103 |   690 ||  2482
